Cogmind - Beta 14 @@@ ROGUE MODE // 2024.11.03 @ 15:13:13 Player: Minty Result: Destroyed by 3M-7F5(R) with Subdweller Machine Gun Performance ------------- Evolutions (0) 0 Regions Visited (2) 400 Robots Destroyed (28) 140 Value Destroyed (762) 762 Prototype IDs (2) 40 Alien Tech Used (0) 0 Bonus (0) 0 TOTAL SCORE: 1342 Bonus ------- None Cogmind --------- Core Integrity 0/250 Matter 228/300 Energy 155/200 System Corruption 0% Temperature Cool (0) Movement Treading (240) Ox1 Location -10/Subcaves Parts ------- > --- POWER (1) -------- Subdweller Power Source > --- PROPULSION (2) --- Light Treads Light Treads > --- UTILITY (2) ------ High-capacity Storage Unit Core Shielding > --- WEAPON (2) ------- Light Cannon Battle Cannon > --- INVENTORY (20) --- Arachnoskeleton Subdweller Monowheel High-capacity Matter Pod (200) Weapon Shielding Weapon Shielding Weapon Shielding Makeshift System Restoration Module Riot Gun Grenade Launcher Grenade Launcher Grenade Launcher Flamer Flamer Shrapnel Trap Piercing Trap Piercing Trap Peak State ------------ > --- POWER ------------ Subdweller Power Source > --- PROPULSION ------- Wheel Subdweller Monowheel > --- UTILITY ---------- High-capacity Storage Unit Core Shielding > --- WEAPON ----------- Flamer Flamer > --- INVENTORY -------- Light Treads Light Treads Arachnoskeleton High-capacity Matter Pod Weapon Shielding Weapon Shielding Weapon Shielding Makeshift System Restoration Module Riot Gun Light Cannon Battle Cannon Grenade Launcher Grenade Launcher Grenade Launcher Flamer Shrapnel Trap Piercing Trap Piercing Trap [Rating: 15] Favorites ----------- Power Ion Engine Engine Ion Engine Propulsion Wheel Treads Light Treads Leg Aluminum Leg Wheel Wheel Utility Core Shielding Storage High-capacity Storage Unit Protection Core Shielding Weapon Medium Laser Energy Gun Medium Laser Ballistic Gun Light Assault Rifle Ballistic Cannon Light Cannon Launcher Grenade Launcher Special Weapon Flamer Build | -11 -10 -10 ------- Run | Yrd Mat Sub Slots Evolved . | . . . Power . | . . . Propulsion . | . . . Utility . | . . . Weapon . | . . . Parts Attached 44 | . 21 23 Power 5 | . 2 3 Engine 5 | . 2 3 Core . | . . . Reactor . | . . . Propulsion 9 | . 4 5 Treads 3 | . 1 2 Leg 3 | . 3 . Wheel 3 | . . 3 Hover . | . . . Flight . | . . . Utility 5 | . 5 . Device . | . . . Storage 4 | . 4 . Processor . | . . . Hackware . | . . . Protection 1 | . 1 . Artifact . | . . . Weapon 25 | . 10 15 Energy Gun 5 | . 2 3 Energy Cannon . | . . . Ballistic Gun 4 | . 2 2 Ballistic Cannon 7 | . 3 4 Launcher 7 | . 3 4 Special Weapon 2 | . . 2 Impact Weapon . | . . . Slashing Weapon . | . . . Piercing Weapon . | . . . Special Melee Weapon . | . . . Unidentified Prototypes . | . . . Parts Lost 7 | . 1 6 Power 2 | . 1 1 Propulsion 2 | . . 2 Utility . | . . . Weapon 3 | . . 3 Highest Loss Streak 2 | . 1 2 To Critical Strikes . | . . . Average Slot Usage (%) 96 | . 97 95 Engine 12 | . 13 11 Leg 12 | . 28 . Wheel 15 | . . 27 Storage 14 | . 15 14 Protection 12 | . 10 14 Energy Gun 7 | . 13 2 Ballistic Gun 11 | . 12 10 Ballistic Cannon 4 | . . 7 Special Weapon 3 | . . 5 Peak Build Rating 15 | . 9 15 Average Rating 10 | . 7 12 On Entrance 7 | 6 6 9 Naked Turns . | . . . Heaviest Build 52 | 10 52 52 Greatest Support 30 | 20 20 30 Greatest Overweight (x) 4 | . 2 4 Average Overweight (x) 1 | . . 1 Largest Inventory Capacity 20 | . 20 20 Average Capacity 17 | . 14 20 Most Carried 20 | . 20 20 Average Carried 16 | . 12 19 Final Capacity 20 | 8 20 20 Final Carried 20 | 6 20 18 Class Distribution -------------------- 100% | Mutant Dominant Class ---------------- Mutant | -10/Materials Mutant | -10/Subcaves Resources | -11 -10 -10 ----------- Run | Yrd Mat Sub Matter Collected 1326 | 200 314 812 Remotely . | . . . Salvage Created 667 | . 278 389 Parts 40 | . 14 26 Haulers Intercepted 2 | . 2 . Recyclers Shooed . | . . . Parts Field Recycled . | . . . Retrieved Matter . | . . . Parts Self-Destructed 2 | . . 2 Prevented . | . . . Kills | -11 -10 -10 ------- Run | Yrd Mat Sub Combat Hostiles Destroyed 25 | . 9 16 Guns 12 | . 7 5 Cannons 6 | . . 6 AOE 7 | . 2 5 Classes Destroyed 5 | . 4 1 Hauler 2 | . 2 . Watcher 1 | . 1 . Swarmer 9 | . 6 3 Grunt 4 | . 3 1 Subdweller 12 | . . 12 Best Kill Streak 7 | . 7 4 Combat Bots Only 6 | . 6 4 Max Kills in Single Turn 3 | . 3 2 Gunslinging . | . . . Exploded 2 | . 2 2 Melee . | . . . Uniques/NPCs Destroyed . | . . . Combat | -11 -10 -10 -------- Run | Yrd Mat Sub Hostile Shots Fired 112 | . 42 70 Missed 38 | . 14 24 Damage Taken 1343 | . 302 1041 Core 250 | . 79 171 Absorbed by Shields . | . . . Redirected to Shielding 37 | . 5 32 Regen/Repaired (Parts) 59 | . 59 . Core Remaining (%) 100 | 100 . . Volleys Fired 106 | . 44 62 Largest 2 | . 2 2 Hottest 200 | . 100 200 Shots Fired 197 | . 84 113 Gun 137 | . 75 62 Cannon 44 | . 5 39 Launcher 14 | . 4 10 Special 2 | . . 2 Kinetic 143 | . 58 85 Thermal 40 | . 22 18 Explosive 14 | . 4 10 Electromagnetic . | . . . Robot Hit Streak 17 | . 9 17 Robot Miss Streak 4 | . 4 3 Penetration Max . | . . . Secondary Targets 1 | . . 1 Max Gunslinging Chain 1 | . . 1 Shots Hit Robots 112 | . 50 62 Core Hits 53 | . 22 31 Critical Kills . | . . . Critical Parts Destroyed 1 | . 1 . Critical Strikes 7 | . 3 4 Burn 5 | . 2 3 Destroy 1 | . 1 . Blast 1 | . . 1 Melee Attacks . | . . . Impact . | . . . Slashing . | . . . Piercing . | . . . Sneak Attacks . | . . . Combat Hostiles . | . . . Follow-up Attacks . | . . . Damage Inflicted 1945 | . 670 1275 Guns 854 | . 457 397 Cannons 442 | . 84 358 Explosions 626 | . 129 497 Melee . | . . . Ramming . | . . . Kinetic 941 | . 351 590 Thermal 378 | . 190 188 Explosive 626 | . 129 497 Electromagnetic . | . . . Impact . | . . . Slashing . | . . . Piercing . | . . . Highest Corruption . | . . . Average Corruption . | . . . Corruption Purged . | . . . Corruption Blocked . | . . . Overload Shots . | . . . Overflow Damage 40 | . 30 10 Projectiles . | . . . Explosions 40 | . 30 10 Melee . | . . . Knockbacks 3 | . . 3 Impact . | . . . Kinetic 3 | . . 3 Secondary . | . . . Self-Inflicted Damage 53 | . 29 24 Shots 2 | . 1 1 Rammed . | . . . Targets Rammed . | . . . Kicked . | . . . Crushed . | . . . Highest Temperature 117 | . 117 . Average Temperature 36 | . 36 . Received Heat Transfer 279 | . 90 189 Siege Activations . | . . . Robots Corrupted . | . . . Combat Hostiles . | . . . Parts Fried . | . . . Impact Corruptions . | . . . Robots Melted . | . . . Combat Hostiles . | . . . Parts Melted 7 | . 4 3 Heat Transferred 1566 | . 703 863 Parts Sabotaged . | . . . Parts Stolen . | . . . Parts Stripped . | . . . Power Chain Reactions . | . . . Alert | -11 -10 -10 ------- Run | Yrd Mat Sub Peak Influence 254 | . 254 . Initial . | . . . Average 73 | . 73 . Maximum Alert Level 1 | . 1 . Low Security (%) 89 | . 89 . Level 1 10 | . 10 . Level 2 . | . . . Level 3 . | . . . Level 4 . | . . . Level 5 . | . . . High Security . | . . . Max Security . | . . . Squads Dispatched 1 | . 1 . Investigation . | . . . Extermination . | . . . Reinforcement 1 | . 1 . Assault . | . . . Garrison . | . . . Intercept . | . . . Searches Triggered . | . . . Construction Impeded . | . . . Haulers Reinforced . | . . . Active Scanning Responses . | . . . Cargo Convoy Interrupts . | . . . Stealth | -11 -10 -10 --------- Run | Yrd Mat Sub Distress Signals 2 | . 2 . Communications Jammed . | . . . Distress Signals . | . . . Times Spotted 31 | . 15 16 Peak Tracking Total 5 | . 5 3 Tactical Retreats . | . . . Traps | -11 -10 -10 ------- Run | Yrd Mat Sub Traps Triggered . | . . . Indirectly . | . . . Trap Hack Attempts . | . . . Triggered . | . . . Disarmed . | . . . Reprogrammed . | . . . Reused . | . . . Traps Extracted . | . . . Installed . | . . . Triggered 2 | . . 2 Most Traps Carried 3 | . . 3 Objects Rigged 5 | . 5 . Machines | -11 -10 -10 ---------- Run | Yrd Mat Sub Machines Disabled 1 | . 1 . Max in Single Turn 1 | . 1 . Machines Repaired . | . . . Machines Dismantled . | . . . Machines Sabotaged . | . . . Overloaded Fab Kills . | . . . Hacking | -11 -10 -10 --------- Run | Yrd Mat Sub Machines Accessed 8 | . 8 . Terminals 6 | . 6 . Fabricators . | . . . Repair Stations 1 | . 1 . Recycling Units 1 | . 1 . Scanalyzers . | . . . Garrison Access . | . . . Total Hacks 28 | . 28 . Successful 17 | . 17 . Failed 11 | . 11 . Catastrophic 2 | . 2 . Database Lockouts . | . . . Manual 16 | . 16 . Terminals 21 | . 21 . Fabricators . | . . . Repair Stations 4 | . 4 . Recycling Units 3 | . 3 . Scanalyzers . | . . . Garrison Access . | . . . Terminal Hacks 8 | . 8 . Robot Analysis 1 | . 1 . Prototype ID Bank 1 | . 1 . Terminal Index 1 | . 1 . Alert Level 2 | . 2 . Locate Traps 3 | . 3 . Fabricator Hacks . | . . . Repair Station Hacks 4 | . 4 . Scan Component 2 | . 2 . Repair 2 | . 2 . Recycling Unit Hacks 2 | . 2 . Report Inventory 1 | . 1 . Retrieve Components 1 | . 1 . Scanalyzer . | . . . Garrison Access Hacks . | . . . Unauthorized Hacks 3 | . 3 . Terminals 3 | . 3 . Botnet 2 | . 2 . Detonate 1 | . 1 . Fabricators . | . . . Repair Stations . | . . . Recycling Units . | . . . Scanalyzers . | . . . Garrison Access . | . . . Data Cores Recovered . | . . . Used . | . . . Hacking Detections 8 | . 8 . Full Trace Events . | . . . Feedback Events . | . . . Feedback Blocked . | . . . Robot Schematics Acquired . | . . . Robots Built . | . . . Authchips . | . . . Time . | . . . Total Robot Build Rating . | . . . Part Schematics Acquired . | . . . Parts Built . | . . . Authchips . | . . . Time . | . . . Total Part Build Rating . | . . . Parts Repaired 2 | . 2 . Time 52 | . 52 . Parts Recycled . | . . . Recycled Matter . | . . . Retrieved Matter . | . . . Retrieved Components 3 | . 3 . Parts Scanalyzed . | . . . Part Schematics Acquired . | . . . Parts Damaged . | . . . Bothacking | -11 -10 -10 ------------ Run | Yrd Mat Sub Used RIF Installer . | . . . Robots Hacked . | . . . Non-combat . | . . . Combat . | . . . Robot Hacks Applied . | . . . Relay Couplers Released . | . . . Fabnet Peak Effective % . | . . . Robots Rewired . | . . . Allies Hacked . | . . . Hacks Repelled . | . . . Allies | -11 -10 -10 -------- Run | Yrd Mat Sub Total Allies . | . . . Largest Group . | . . . Highest-Rated Group . | . . . Highest-Rated Ally . | . . . Total Orders . | . . . Ally Attacks . | . . . Total Damage . | . . . Kills . | . . . Allies Corrupted . | . . . Allies Melted . | . . . Intel | -11 -10 -10 ------- Run | Yrd Mat Sub Robot Analysis Total 1 | . 1 . Derelict Logs Recovered . | . . . Drone Launches . | . . . Drone Recoveries . | . . . Exploration | -11 -10 -10 ------------- Run | Yrd Mat Sub Turns Passed 2158 | . 968 1190 Spaces Moved 1269 | 1 411 857 Core . | . . . Treads . | . . . Legs 412 | 1 411 . Wheels 857 | . . 857 Hover . | . . . Flight . | . . . Fastest Speed 107 | 120 120 107 Average Speed 134 | 120 182 111 Slowest Speed 260 | 120 260 140 Overloaded Moves . | . . . Propulsion Burnouts . | . . . Robots Hopped . | . . . Cave-ins Triggered . | . . . Exploration Rate (%) 46 | 2 82 55 Regions Visited 2 Branch Regions 1 Pre-discovered Areas 1 | . . 1 Known Exits Taken . | . . . Unknown Exits Taken 2 | 1 1 . Scrap Searched 7 | . . 7 Spaces Dug . | . . . Terrain Destroyed 73 | . 24 49 Melee . | . . . Projectile . | . . . AOE 73 | . 24 49 Terrain Rammed . | . . . Walls Destroyed . | . . . Machines Disabled . | . . . Actions | -11 -10 -10 --------- Run | Yrd Mat Sub Total 1524 | . 549 975 Wait 63 | . 54 9 Move 1267 | . 410 857 Hop . | . . . Pick Up 27 | . 16 11 Fast Attach 4 | . 1 3 Attach 4 | . 1 3 Detach . | . . . Swap 36 | . 19 17 Drop 17 | . 4 13 Fire 106 | . 44 62 Melee . | . . . Ram . | . . . Kick . | . . . Crush . | . . . Escape Stasis . | . . . Rewire . | . . . Trap . | . . . Miscellaneous . | . . . Route ------- -11/Scrapyard -10/Materials (discovered 4 exits: [*Mat x3] / [*Sub]) -10/Subcaves (discovered 2 exits: [*Mat x2]) History --------- Turn | Location | Event 1 | -11/Scrapyard | Discovered new exit (range 0) 1 | -11/Scrapyard | Entered Materials 124 | -10/Materials | Discovered new exit (range 16) 322 | -10/Materials | Build established: Mutant 350 | -10/Materials | Repaired Grenade Launcher 377 | -10/Materials | Repaired Grenade Launcher 621 | -10/Materials | Discovered new exit (range 13) 868 | -10/Materials | Discovered new exit (range 12) 950 | -10/Materials | Discovered new exit (range 8) 969 | -10/Materials | Entered Subcaves 982 | -10/Subcaves | A Subdweller sparked back to life 982 | -10/Subcaves | A Subdweller sparked back to life 982 | -10/Subcaves | A Subdweller sparked back to life 1018 | -10/Subcaves | Found Prototype Leg 1057 | -10/Subcaves | Shifting Twisted Machinery released Sub. Monowheel 1075 | -10/Subcaves | Shifting Twisted Machinery released Riot Gun 1316 | -10/Subcaves | Ambushed by Subdweller buried in earth 1317 | -10/Subcaves | Core integrity fell below 50% 1343 | -10/Subcaves | Discovered new exit (range 8) 1407 | -10/Subcaves | Disturbed a concealed Subdweller 1477 | -10/Subcaves | Shifting Twisted Machinery released Mak. Leg 1590 | -10/Subcaves | Shifting Twisted Machinery released Sub. Monowheel 1612 | -10/Subcaves | A swath of the cavern ceiling suddenly collapsed 1751 | -10/Subcaves | Disturbed a concealed Subdweller 1884 | -10/Subcaves | Discovered new exit (range 6) 1885 | -10/Subcaves | Shifting Twisted Machinery released Flamer 1886 | -10/Subcaves | Shifting Twisted Machinery released Flamer 2085 | -10/Subcaves | Learned location of Zion (-6) 2085 | -10/Subcaves | Met a Zionite searching for "candidates" 2148 | -10/Subcaves | Core integrity fell below 20% 2159 | -10/Subcaves | Destroyed by 3M-7F5(R) with Subdweller Machine Gun Last Messages --------------- 01884_ EXIT=FOUND Flamer falls loose from the Twisted Machinery. 01891_ Acquired Flamer. 01946_ Lgt. Nuclear Core melted. 01946_ Aluminum Leg melted. 01946_ G-47 Trooper destroyed. 01951_ Acquired 43 matter. 01959_ Particle Gun fries itself beyond repair. 02010_ Acquired Sub. Power Source. 02036_ Sub. Monowheel shoots sparks and powers down. 02071_ M1-5ZD(z): "She is not going to be happy we haven't found any suitable candidates yet." 02085_ M1-5ZD(z): "Hey you! It's really dangerous down here, I feel that you could die at any moment. For your health and safety might I suggest a trip to Zion?" World map updated: -6/Zion. 02144_ Wheel destroyed. 02147_ Flamer destroyed. 02150_ LU-69P(R) Sub. Optics blasted off. 02156_ LU-69P(R) destroyed. Map ----- +----------------------------------------------------+ | ?????????????????????????????????????????????????? | | ?????????????????????????????????????????????????? | | ?????????????????????????????????????????????????? | | ?????????????????????????????????????????????????? | | ?????????????????????????????????????????????????? | | ?????????????????????????????????????????????????? | | ?????????????????????????????????????????????????? | | ?????????????????????????????????????????????????? | | ?????????????????????????????????????????????????? | | ?????????????????????????????????????????????????? | | ?????????????????????????????????????????????????? | | ?????????????????????????????????????????????????? | | ?????????????????????????????????????????????????? | | ?????????????????????????????????????????????????? | | ?????????????????????????????????????????????????? | | ?????????????????????????????????????????????????? | | ?????????????????????????????????????????????????? | | ????????????????????????????????????????????????## | | ???????????????????????????#####??###?????????# ? | | ?????????????????????????### #?## #????????# #? | | ?????????????????????????# ### ##??????? ## | | ?????????????????????????# ## ##?????# | | ?????????????????????????## ###??# | | ?????????????????????###### ### | | ?????????????????# ### ; ## ## | | ??????????# R % @ ### ### ### | | ??????????# =!& ;### #?# ##?? | | ???????????# ## ## ### ###?#####?# ##??# | | ??????????????????# #???# ?????##### ###### | | ????????????????? ???? ### ### | | ???????????????# ????? ## | | ???????????????##???????? # # | | ???????????????????????? ## # | | ???????????????????????? ?# # | | ????????????????????????###?# ### ### | | ????????????????????????????####?#### #####?### # | | ????????????????????????????????????###????????### | | ?????????????????????????????????????????????????? | | ?????????????????????????????????????????????????? | | ?????????????????????????????????????????????????? | | ?????????????????????????????????????????????????? | | ?????????????????????????????????????????????????? | | ?????????????????????????????????????????????????? | | ?????????????????????????????????????????????????? | | ?????????????????????????????????????????????????? | | ?????????????????????????????????????????????????? | | ?????????????????????????????????????????????????? | | ?????????????????????????????????????????????????? | | ?????????????????????????????????????????????????? | | ?????????????????????????????????????????????????? | +----------------------------------------------------+ Best States ------------- Heat Dissipation 25 Energy Generation 15 Energy Capacity 250 Matter Stores 300 Matter Capacity 500 Sight Range 16 Terrain Scan Density 10 Core Shielding 20 Evasion (%) 55 Recoil Reduction 2 Item Schematics ----------------- None Robot Schematics ------------------ None Fabricated ------------ Nothing Alien Tech Used ----------------- None Achievements -------------- None Challenges ------------ None Game ------ Seed ProtonCompactTerminator Manual? 0 Play Time 00:14:15 Cumulative 961.9 hours Start 2024.11.03 @ 15:01:37 End 2024.11.03 @ 15:13:13 Sessions 1 Manual Loads 0 Difficulty Rogue Special Mode None Game No. 1179 Rogue 899 Adventurer 124 Explorer 156 Win Type - Total 41 Types 28/0/8/3/1/0/0/1/0 Lore% 85 Gallery% 90 Achievement% 78 Wizard Run 0 Options --------- Layout 0 ASCII 0 Keyboard 1 Movement Numpad Keybinds 0 Fullscreen 2 Font 18/X11 Map View 76x50 Zoom Use 0% Tactical HUD 1 Map Filters NONE Filters NONE Steam 1 RUN: 899af92d-8f2d-4c4c-96a0-9beb1ff4a055